 Dungeon Crawl Stone Soup version 0.21-a0-531-gacddea6 (webtiles) character file.

25 KeeTraxx the Insei (level 3, 0/23 HPs)
             Began as an Octopode Transmuter on Dec 13, 2017.
             Slain by a goblin (4 damage)
             ... on level 1 of the Dungeon.
             The game lasted 00:01:02 (225 turns).

KeeTraxx the Insei (Octopode Transmuter)             Turns: 225, Time: 00:01:02

Health: 0/23       AC:  1    Str:  9    XL:     3   Next: 6%
Magic:  5/6        EV: 13    Int: 16    God:
Gold:   19         SH:  0    Dex: 12    Spells: 5/6 levels left

rFire    . . .     SeeInvis .   d - +3 short sword (elec)
rCold    . . .     Gourm    .   (no shield)
rNeg     . . .     Faith    .   (helmet restricted)
rPois    .         Spirit   .   (no amulet)
rElec    .         Reflect  .   (no ring)
rCorr    .         Harm     .   (no ring)
MR       .....                  (no ring)
Stlth    ++........             (no ring)
HPRegen  0.07/turn              (no ring)
MPRegen  0.10/turn              (no ring)
                                (no ring)
                                (no ring)

@: appendage (expiring)
A: almost no armour, stealthy swim, amphibious, 8 rings, constrict 8, tentacle
spike 3, camouflage 1, gelatinous body 1
a: End Transformation


You were on level 1 of the Dungeon.
You were not hungry.
One of your tentacles had a temporary spike.
You visited 1 branch of the dungeon, and saw 1 of its levels.

You collected 19 gold pieces.

Inventory:

Hand Weapons
 d - a +3 short sword of electrocution (weapon)
Missiles
 a - 12 arrows
Scrolls
 h - a scroll of identify {unknown}
Potions
 e - a potion of curing {unknown}
 g - a potion of degeneration {unknown}
Books
 b - a book of Changes

   Spells                             Type                      Level
   a - Beastly Appendage              Transmutation                1
   b - Sticks to Snakes               Transmutation                2
   c - Spider Form                    Transmutation/Poison         3
   d - Ice Form                       Ice/Transmutation            4
   e - Blade Hands                    Transmutation                5
Comestibles
 c - a bread ration
 f - 2 chunks of flesh


   Skills:
 + Level 1.0 Fighting
 - Level 2.0 Dodging
 + Level 3.8 Unarmed Combat
 + Level 2.2 Spellcasting
 + Level 2.1 Transmutations


You had 5 spell levels left.
You knew the following spells:

 Your Spells              Type           Power        Failure   Level  Hunger
a - Beastly Appendage     Tmut           #.....       9%          1    #......


Dungeon Overview and Level Annotations

Branches:
Dungeon (1/15)

Altars:


Innate Abilities, Weirdness & Mutations

You cannot wear most types of armour.
You are very stealthy in the water. (Stealth+)
You are amphibious.
You can wear up to eight rings at the same time.
You can use your tentacles to constrict eight enemies at once.
Your skin changes colour to match your surroundings (Stealth+).
Your rubbery body absorbs attacks. (AC +1, EV +1)
One of your tentacles bears a large vicious spike.


Message History

You hit the kobold.
You kill the kobold!
A goblin comes into view. It is wielding a club.
The dart slug launches a dart at you. The slug dart hits you!
* * * LOW HITPOINT WARNING * * *
Your transformation is almost over.
The dart slug misses you.
You hit the dart slug. You grab the dart slug. You squeeze the dart slug.
The dart slug is almost dead.
You constrict the dart slug.
You kill the dart slug!
You have reached level 3!
Your experience leads to an increase in your attributes!
Increase (S)trength, (I)ntelligence, or (D)exterity?
You feel clever.
You closely miss the goblin. Your grab misses the goblin.
You squeeze the goblin, but do no damage.
The goblin hits you.
You die...

#..........†......... #. .
......................####. ..
...g..#..#.#......>........
...####..............(....####)
.........##g....#########...†..
#......##.#....#####.####.###
#......##........†...#≈≈≈§≈§§
.#....w.####.g........+.≈≈≈≈§§
#.......(####.@........#≈...§.§
###...?..(.###.........#≈≈.<.≈≈
#......#.###.........#≈.....≈
###>##.#..##.........+.≈§§≈≈.
#.......(......#...#§≈§§§§≈
#......?..#(#)....######.###
................##### #.#
#..........#.#)....... ...
..........#.......... ...


You could see 2 goblins.

Vanquished Creatures
  A dart slug (D:1)
  3 leopard geckos (D:1)
  4 goblins (D:1)
  4 kobolds (D:1)
  5 bats (D:1)
  3 rats (D:1)
20 creatures vanquished.

Notes
Turn   | Place    | Note
-------+----------+-------------------------------------------
     0 | D:1      | KeeTraxx the Octopode Transmuter began the quest for the Orb.
     0 | D:1      | Reached XP level 1. HP: 13/13 MP: 3/3
    53 | D:1      | Reached XP level 2. HP: 13/18 MP: 1/5
   223 | D:1      | Reached XP level 3. HP: 4/23 MP: 4/6
   225 | D:1      | Slain by a goblin

Vault maps used:
D:1:      ncdulo_lavacross, doesnt_xom_only_xom

Action                   || total
-------------------------++-------
Melee: Unarmed           ||     8
       Constrict         ||     7
       Short sword       ||    19
       Tentacles         ||     5
       Kick              ||     3
 Cast: Beastly Appendage ||     4
Armor: Skin              ||     3
Dodge: Dodged            ||    21

Table legend:
 A = Spawn XP
 B = Non-spawn XP
 C = Spawn XP percentage of total XP
 D = Spawn monster count
 E = Non-spawn monster count
 F = Spawn count percentage of total count
 G = Total turns spent on level
                    A         B        C        D         E        F      G
               +---------+---------+-------+---------+---------+-------+---------
         Total |       0 |      37 |   0.0 |       0 |      20 |   0.0 |   225
               +---------+---------+-------+---------+---------+-------+---------
           D:1 |       0 |      37 |   0.0 |       0 |      20 |   0.0 |   225
               +---------+---------+-------+---------+---------+-------+---------
